 Dungeon Crawl Stone Soup version 0.21-a0-536-gdbbf329 (webtiles) character file.

7220 Gerstahl the Carver (level 10, -10/79 HPs)
             Began as a Demonspawn Gladiator on Dec 15, 2017.
             Was a Priest of Dithmenos.
             Mangled by an orc warrior
             ... wielding a +0 hand axe
              (27 damage)
             ... in a bailey.
             The game lasted 00:24:13 (10812 turns).

Gerstahl the Carver (Demonspawn Gladiator)         Turns: 10812, Time: 00:24:16

Health: -10/79     AC:  4    Str: 16    XL:     10   Next: 87%
Magic:  10/10      EV: 19    Int:  8    God:    Dithmenos [***...]
Gold:   623        SH:  0    Dex: 18    Spells: 9/9 levels left

rFire    . . .     SeeInvis .   a - +0 long sword
rCold    . . .     Gourm    .   (no shield)
rNeg     . . .     Faith    .   C - +0 troll leather armour
rPois    +         Spirit   .   (helmet restricted)
rElec    .         Reflect  .   (no cloak)
rCorr    .         Harm     .   (no gloves)
MR       .....                  (no boots)
Stlth    +.........             j - amulet of rage
HPRegen  0.63/turn              e - ring of poison resistance
MPRegen  0.12/turn              (no ring)

@: wreathed by umbra
A: claws 1, hooves 2, horns 2, blink, demonic guardian 1, dopey 1, sense
surroundings 1, powered by death 1, strong 1
a: Blink, Shadow Step, Renounce Religion, Evoke Berserk Rage


You were in a bailey.
You worshipped Dithmenos.
Dithmenos was most pleased with you.
You were not hungry.

You visited 2 branches of the dungeon, and saw 11 of its levels.
You also visited: Bailey.

You collected 623 gold pieces.

Inventory:

Hand Weapons
 a - a +0 long sword (weapon)
Missiles
 m - 2 throwing nets (quivered)
Armour
 h - the cursed +0 leather armour "Goduf" {rC++}
   (You found it on level 5 of the Dungeon)

   It greatly protects you from cold.
   It has a curse placed upon it.
 p - a +0 ring mail
 C - a +0 troll leather armour (worn)
Jewellery
 d - an uncursed amulet of the gourmand
 e - a ring of poison resistance (left claw)
 j - an amulet of rage (around neck)
 r - a +3 ring of strength {unknown}
 E - an uncursed amulet of regeneration {unknown}
Wands
 B - a wand of clouds (6)
Scrolls
 b - a scroll of vulnerability
 i - 2 scrolls of enchant weapon
 k - a scroll of noise
 l - a scroll of teleportation
 n - a scroll of silence
 o - 3 scrolls of identify
 u - a scroll of magic mapping
 v - 2 scrolls of blinking {unknown}
 w - a scroll of enchant armour
 x - 2 scrolls of immolation {unknown}
 y - 2 scrolls of amnesia {unknown}
 z - 3 scrolls of random uselessness {unknown}
 A - 3 scrolls of remove curse
Potions
 c - a potion of lignification
 s - 2 potions of curing
Comestibles
 f - 11 bread rations
 g - 7 meat rations
 t - 8 royal jellies
 D - a chunk of flesh


   Skills:
 - Level 7.0 Fighting
 + Level 11.1 Long Blades
 - Level 1.7 Throwing
 + Level 9.4 Dodging


You had 9 spell levels left.
You didn't know any spells.

Dungeon Overview and Level Annotations

Branches:
Dungeon (10/15)            Temple (1/1) D:4            Lair (0/6) D:8
    Orc: D:9-12

Altars:
Ashenzari
Cheibriados
Dithmenos
Elyvilon
Fedhas
Gozag
Hepliaklqana
Kikubaaqudgha
Makhleb
Nemelex Xobeh
Okawaru
Ru
Sif Muna
Trog
Uskayaw
Vehumet
Wu Jian
Xom
Yredelemnul
Zin
The Shining One

Shops:
D:6 :


Innate Abilities, Weirdness & Mutations

You have sharp fingernails.
You have hoof-like feet.
You have a pair of horns on your head.
A weak demonic guardian rushes to your aid.
You regenerate a little health from kills.
You can translocate small distances at will.
You are dopey. (Int -2)
You passively map a small area around you.
Your muscles are strong. (Str +2)


Message History

The orc warrior barely misses you.
Unknown command.
You hit the orc knight but do no damage.
You kick the orc knight.
The orc knight is moderately wounded.
The orc knight roars a battlecry!
The orcs go into a battle-frenzy!
The orc warrior misses you.
You riposte.
You closely miss the orc warrior.
You kick the orc warrior, but do no damage.
You headbutt the orc warrior!
The orc warrior is heavily wounded.
The orc warrior hits you with a hand axe!!
* * * LOW HITPOINT WARNING * * *
You hit the orc knight but do no damage.
You kick the orc knight, but do no damage.
Your headbutt misses the orc knight.
The orc knight is moderately wounded.
The orc knight barely misses you.
The orc warrior hits you with a hand axe!!
You die...

*,,,* *..,*
*..,*
*#####.******
*,..#Kg,*,,,*
*,,ggo8,,,,,*
*,,,#oo,*,,,*
****##o##****
#go@# #.o.#
#...#
######(######
#....≈(≈..K.#
#'###≈.≈###'#
#(((.≈(≈.K.^#
#(###≈.≈###+#
#(...≈.≈....#


You could see an orc knight, 4 orc warriors, a gnoll, an orc, a hobgoblin, 2
goblins and a kobold.

Vanquished Creatures
  A two-headed ogre (D:10)
  Erica (D:9)
  Pikel (D:6)
  3 trolls
  Prince Ribbit (D:7)
  A human (D:7)
  4 hogs (D:6)
  3 orc warriors
  A sky beast (D:8)
  2 phantoms
  4 ogres
  A necrophage (D:9)
  7 centaurs
  2 crocodiles (D:9)
  4 bullfrogs
  A gnoll sergeant (D:8)
  A wyvern zombie (D:7)
  2 scorpions (D:5)
  6 killer bees (D:9)
  2 howler monkeys
  4 crimson imps
  A quasit (D:6)
  2 hounds
  2 jellies
  9 orc priests
  7 orc wizards
  A centaur zombie (D:9)
  A bullfrog skeleton (D:9)
  An iguana (D:7)
  8 worker ants
  Ijyb (D:4)
  A hound zombie (D:5)
  A hound skeleton (D:7)
  8 gnolls
  A howler monkey zombie (D:9)
  10 adders
  6 shadow imps
  3 adder zombies
  An adder skeleton (D:9)
  A worm (D:5)
  2 dart slugs
  4 leopard geckos
  34 orcs
  2 ball pythons
  5 giant cockroaches
  2 gnoll zombies (D:7)
  9 goblins
  6 hobgoblins
  4 jackals (D:3)
  A quokka (D:8)
  4 bats
  2 frilled lizards
  A jackal zombie (D:6)
  9 kobolds
  A quokka skeleton (D:6)
  2 rats
205 creatures vanquished.

Vanquished Creatures (collateral kills)
  A bullfrog zombie (D:9)
  A hound (D:9)
  An orc wizard (D:9)
3 creatures vanquished.

Vanquished Creatures (others)
  4 orcs (D:6)
4 creatures vanquished.

Grand Total: 212 creatures vanquished

Notes
Turn   | Place    | Note
-------+----------+-------------------------------------------
     0 | D:1      | Gerstahl the Demonspawn Gladiator began the quest for the Orb.
     0 | D:1      | Reached XP level 1. HP: 16/16 MP: 1/1
   205 | D:1      | Reached skill level 3 in Long Blades
   209 | D:1      | Gained mutation: You have large cloven feet. [demonic ancestry]
   209 | D:1      | Reached XP level 2. HP: 23/23 MP: 2/2
   651 | D:2      | Gained mutation: You have a pair of small horns on your head. [demonic ancestry]
   651 | D:2      | Reached XP level 3. HP: 28/28 MP: 3/3
   846 | D:2      | Gained mutation: You have a pair of horns on your head. [demonic ancestry]
   846 | D:2      | Reached XP level 4. HP: 19/35 MP: 4/4
  1244 | D:3      | Found a hide-covered altar of Uskayaw.
  1254 | D:3      | Found a shadowy altar of Dithmenos.
  1254 | D:3      | Found a shimmering altar of Xom.
  1256 | D:3      | Found an ornate altar of the Wu Jian Council.
  1256 | D:3      | Found a shimmering altar of Xom.
  1256 | D:3      | Found a white marble altar of Elyvilon.
  1458 | D:3      | Reached skill level 4 in Long Blades
  1971 | D:4      | Noticed Ijyb
  1986 | D:4      | Killed Ijyb
  1986 | D:4      | Gained mutation: You have hoof-like feet. [demonic ancestry]
  1986 | D:4      | Reached XP level 5. HP: 42/42 MP: 5/5
  2445 | D:4      | Found a staircase to the Ecumenical Temple.
  2454 | D:4      | Reached XP level 6. HP: 14/49 MP: 6/6
  2500 | Temple   | Entered the Ecumenical Temple
  2678 | Temple   | Became a worshipper of Dithmenos the Shadowed
  2867 | D:4      | Reached skill level 5 in Long Blades
  3146 | D:5      | Entered Level 5 of the Dungeon
  3151 | D:5      | Reached skill level 5 in Fighting
  3306 | D:5      | Gained mutation: You regenerate a little health from kills. [demonic ancestry]
  3306 | D:5      | Reached XP level 7. HP: 17/56 MP: 7/7
  3828 | D:5      | Reached skill level 6 in Long Blades
  4278 | D:5      | Got a brightly glowing leather armour
  4282 | D:5      | Identified the cursed +0 leather armour "Goduf" {rC++} (You found it on level 5 of the Dungeon)
  4301 | D:5      | Found a sacrificial altar of Ru.
  4446 | D:5      | Found a deep blue altar of Sif Muna.
  4621 | D:6      | Found an iron altar of Okawaru.
  4636 | D:6      | Reached * piety under Dithmenos
  4695 | D:6      | Found a shadowy altar of Dithmenos.
  4695 | D:6      | Found Zaboergha's Book Shoppe.
  4698 | D:6      | Gained mutation: You have sharp fingernails. [demonic ancestry]
  4698 | D:6      | Reached XP level 8. HP: 36/65 MP: 8/8
  5025 | D:6      | Noticed Pikel
  5054 | D:6      | Killed Pikel
  5054 | D:6      | Reached skill level 7 in Long Blades
  5995 | D:7      | Reached skill level 8 in Long Blades
  6103 | D:7      | Reached skill level 5 in Dodging
  6126 | D:7      | Reached XP level 9. HP: 66/72 MP: 9/9
  6427 | D:7      | Noticed Prince Ribbit
  6428 | D:7      | Found a white marble altar of Elyvilon.
  6429 | D:7      | Found a glowing golden altar of the Shining One.
  6457 | D:7      | Killed Prince Ribbit
  6670 | D:6      | HP: 1/108 [hog (6)]
  6674 | D:6      | Gained mutation: You can translocate small distances at will. [potion of mutation]
  6674 | D:6      | Gained mutation: You evolve. [potion of mutation]
  6674 | D:6      | Gained mutation: Your muscles are strong. (Str +2) [potion of mutation]
  6674 | D:6      | Gained mutation: You passively map a small area around you. [potion of mutation]
  6990 | D:6      | Reached skill level 9 in Long Blades
  7330 | D:7      | Found a glowing silver altar of Zin.
  7401 | D:7      | Found a basalt altar of Yredelemnul.
  7657 | D:8      | Found a staircase to the Lair.
  7727 | D:8      | Reached ** piety under Dithmenos
  7743 | D:8      | Gained mutation: You are dopey. (Int -2) [mutagenic meat]
  7744 | D:8      | Gained mutation: You are frail. (-10% HP) [mutagenic meat]
  7776 | D:8      | Lost mutation: You are frail. (-10% HP) [evolution]
  7776 | D:8      | Lost mutation: You evolve. [end of evolution]
  8635 | D:9      | Noticed a troll
  8642 | D:9      | Gained mutation: A weak demonic guardian rushes to your aid. [demonic ancestry]
  8642 | D:9      | Reached XP level 10. HP: 75/79 MP: 10/10
  9174 | D:9      | Found an ornate altar of the Wu Jian Council.
  9185 | D:9      | Reached skill level 10 in Long Blades
  9719 | D:9      | Noticed Erica
  9731 | D:9      | Killed Erica
  9843 | D:9      | Reached *** piety under Dithmenos
 10285 | D:10     | Entered Level 10 of the Dungeon
 10586 | D:10     | Noticed a two-headed ogre
 10596 | D:10     | Killed a two-headed ogre
 10596 | D:10     | Reached skill level 11 in Long Blades
 10743 | D:10     | Found a flagged portal.
 10760 | Bailey   | Entered a bailey
 10797 | Bailey   | Noticed an orc knight
 10812 | Bailey   | Mangled by an orc warrior

Vault maps used:
D:1:      saegor_arrival_simple_e
D:2:      cheibrodos_pilgrimage, kennysheep_generic_room_10
D:3:      doesnt_xom_only_xom
D:4:      minmay_temple_entry_nine_rooms, uniq_ijyb
D:5:      kennysheep_mini_moat, lemuel_round_altar, first_bread,
          hangedman_decor_riveting
D:6:      kennysheep_mini, serial_shops, nicolae_shop_crystal,
          grunt_dithmenos_smoke_and_mirrors, uniq_pikel
D:7:      good_gods_mini_temple, lemuel_zombie_altar_yredelemnul,
          grunt_livestock, uniq_prince_ribbit1
D:8:      lair_entry_dummy
D:9:      cheibrodos_iron_armory, nicolae_overflow_hidden_temple,
          nicolae_overflow_crystal_walls, uniq_erica
D:10:     enter_bailey_3, nicolae_ru_the_path_less_chosen
Temple:   minmay_temple_bridge_abc
Bailey:   bailey_axe_1, bailey

Skill      XL: |  1  2  3  4  5  6  7  8  9 10 |
---------------+-------------------------------+-----
Long Blades    | 3 4 5 6 8 9 11 | 11.1
Fighting       | 3 4 5 6 7 |  7.0
Dodging        | 5 7 9 |  9.4
Throwing       | |  1.7

Action                   |  1- 3 |  4- 6 |  7- 9 | 10-12 || total
-------------------------+-------+-------+-------+-------++-------
Melee: Long sword        |    65 |    96 |   288 |   189 ||   638
       Kick              |    11 |    43 |   108 |    93 ||   255
       Headbutt          |     6 |    23 |    59 |    49 ||   137
Throw: Throwing net      |     3 |     2 |       |     2 ||     7
  Use: Potion            |       |     4 |     7 |     1 ||    12
       Scroll            |       |       |     1 |    11 ||    12
 Stab: Held in net/web   |     1 |       |       |       ||     1
  Eat: Fruit             |       |     4 |     3 |       ||     7
       Chunk             |       |     4 |    16 |     4 ||    24
       Royal jelly       |       |       |       |     2 ||     2
Armor: Leather armour    |     5 |       |       |       ||     5
       Ring mail         |     9 |    30 |    54 |    20 ||   113
       Skin              |       |       |    23 |       ||    23
       Troll leather arm |       |       |       |     8 ||     8
Dodge: Dodged            |    40 |    64 |   220 |   275 ||   599
       Rpst.: Long sword |    14 |    24 |    67 |    49 ||   154

Table legend:
 A = Spawn XP
 B = Non-spawn XP
 C = Spawn XP percentage of total XP
 D = Spawn monster count
 E = Non-spawn monster count
 F = Spawn count percentage of total count
 G = Total turns spent on level
                    A         B        C        D         E        F      G
               +---------+---------+-------+---------+---------+-------+---------
         Total |       0 |   10315 |   0.0 |       0 |     208 |   0.0 | 10812
               +---------+---------+-------+---------+---------+-------+---------
           D:1 |       0 |      23 |   0.0 |       0 |      14 |   0.0 |   582
           D:2 |       0 |      95 |   0.0 |       0 |      13 |   0.0 |   645
           D:3 |       0 |      60 |   0.0 |       0 |      19 |   0.0 |   668
           D:4 |       0 |     312 |   0.0 |       0 |      16 |   0.0 |   976
           D:5 |       0 |     788 |   0.0 |       0 |      19 |   0.0 |  1463
           D:6 |       0 |    1945 |   0.0 |       0 |      20 |   0.0 |  2092
           D:7 |       0 |    1203 |   0.0 |       0 |      24 |   0.0 |   904
           D:8 |       0 |    1024 |   0.0 |       0 |      21 |   0.0 |  1244
           D:9 |       0 |    2947 |   0.0 |       0 |      38 |   0.0 |  1597
          D:10 |       0 |    1909 |   0.0 |       0 |      18 |   0.0 |   314
        Bailey |       0 |       9 |   0.0 |       0 |       6 |   0.0 |    52
               +---------+---------+-------+---------+---------+-------+---------
